AoeStats
← IRONFLYTE

Pilgrims

509817965Analyzed
2v2 RM · 4d ago on Sep 28, 2026· 87m 1s· 4 players
Game mode
Random Map
Map size
Medium (4 player)
Population
200
Speed
Normal
Resources
Standard
Victory
Conquest
Starting age
Dark Age
Ending age
Imperial Age
RankedLock teamsTeams togetherTeam positionsShared explorationLock speedFull tech treeHidden civsTurbo modeCheats
Victory
Defeat
🇺🇸 Huns · United States
975
+15
🇵🇪 Chinese · Peru
937
+16
🇺🇸 Franks · United States
963
-16
🇺🇸 Persians · United States
933
-15
TricksterElite
5:56 Loom
11:20 Feudal Age
12:46 Wheelbarrow
11:58 Double-Bit Axe
12:16 Town Watch
14:11 Stone Mining
14:13 Gold Mining
17:39 Gold Mining
21:08 Fishing Lines
24:35 Castle Age
26:10 Hand Cart
26:31 Gold Shaft Mining
31:02 Forging
30:57 Scale Barding Armor
31:42 Husbandry
33:52 Iron Casting
35:37 Fortified Wall
36:09 Gillnets
39:57 Imperial Age
38:31 Caravan
41:45 Chemistry
41:26 Conscription
42:21 Blast Furnace
41:42 Chain Barding Armor
41:45 Cavalier
43:13 Paladin
47:17 Plate Barding Armor
50:57 Bow Saw
61:10 Padded Archer Armor
61:01 Fletching
61:23 Elite Skirmisher
63:23 Bodkin Arrow
63:57 Leather Archer Armor
IRONFLYTE
4:03 Loom
15:33 Feudal Age
17:27 Double-Bit Axe
17:23 Horse Collar
17:35 Gold Mining
17:35 Stone Mining
18:23 Wheelbarrow
17:34 Town Watch
21:14 Man-at-Arms
21:40 Arson
30:34 Castle Age
29:50 Forging
29:40 Scale Mail Armor
30:35 Pikeman
31:16 Squires
34:41 Fervor
35:41 Masonry
36:31 Bow Saw
39:12 Heavy Plow
40:48 Hand Cart
41:15 Town Patrol
41:38 Long Swordsman
42:03 Gambesons
42:42 Caravan
44:27 Husbandry
44:32 Padded Archer Armor
44:56 Fletching
45:04 Murder Holes
45:41 Leather Archer Armor
45:32 Scale Barding Armor
49:52 Imperial Age
49:20 Iron Casting
49:00 Chain Mail Armor
49:57 Chain Barding Armor
50:34 Citadels
51:10 Hoardings
50:36 Cavalier
53:31 Two-Man Saw
53:14 Crop Rotation
53:20 Conscription
54:36 Plate Barding Armor
56:00 Blast Furnace
55:56 Plate Mail Armor
59:57 Savar
61:34 Gold Shaft Mining
62:33 Capped Ram
66:19 Bodkin Arrow
66:55 Ring Archer Armor
68:40 Siege Ram
Zennx
4:54 Loom
14:11 Feudal Age
18:58 Castle Age
19:43 Castle Age
22:32 Wheelbarrow
22:26 Scale Barding Armor
22:32 Forging
22:34 Stone Mining
29:08 Iron Casting
28:59 Chain Barding Armor
29:59 Iron Casting
33:06 Horse Collar
33:14 Double-Bit Axe
33:58 Murder Holes
34:08 Heavy Plow
34:13 Town Watch
35:03 Husbandry
35:13 Bloodlines
39:20 Imperial Age
37:15 Ballistics
40:02 Hand Cart
39:53 Town Patrol
39:47 Elite Tarkan
40:46 Marauders
41:24 Bow Saw
44:11 Blast Furnace
43:48 Plate Barding Armor
45:53 Masonry
46:46 Chemistry
48:05 Conscription
47:52 Fletching
48:02 Padded Archer Armor
54:53 Pikeman
55:34 Squires
55:19 Arson
55:33 Halberdier
56:20 Scale Mail Armor
61:02 Chain Mail Armor
63:06 Two-Man Saw
61:47 Light Cavalry
72:23 Medium Warships
71:36 Demolition Ship
72:34 Gold Mining
78:43 Careening
82:06 Hussar
83:19 Bodkin Arrow
83:39 Leather Archer Armor
86:31 Heavy Warships
85:29 Heavy Demolition Ship
Ekutoru
2:53 Loom
11:49 Feudal Age
12:20 Fishing Lines
16:37 Castle Age
14:55 Double-Bit Axe
18:26 Fervor
19:15 Wheelbarrow
20:51 Wheelbarrow
21:05 Gold Mining
22:49 Hand Cart
23:29 Horse Collar
25:43 Bow Saw
25:35 Heavy Plow
27:05 Forging
26:55 Scale Mail Armor
28:26 Gold Shaft Mining
31:05 Imperial Age
30:09 Stone Mining
31:33 Ballistics
31:09 Murder Holes
31:53 Stone Shaft Mining
32:51 Iron Casting
32:31 Chain Mail Armor
33:21 Chemistry
32:32 Masonry
32:19 Town Watch
34:09 Conscription
34:55 Blast Furnace
35:06 Two-Man Saw
34:18 Town Patrol
35:35 Padded Archer Armor
35:44 Fletching
36:28 Plate Mail Armor
35:31 Elite Chu Ko Nu
36:25 Thumb Ring
36:29 Bodkin Arrow
36:44 Scale Barding Armor
36:50 Squires
36:14 Elite Fire Lancer
37:16 Bracer
37:34 Leather Archer Armor
39:16 Rocketry
39:44 Ring Archer Armor
39:21 Arson
45:33 Architecture
45:17 Fortified Wall
44:50 Heavy Rocket Cart
54:09 Coinage
58:33 Banking
58:55 Pikeman
63:44 Halberdier
73:41 Clinker Construction
77:17 Scale Barding Armor
80:33 Great Wall
Connection lost

Rejoining the realm…

Still unreachable

The connection could not be restored.

Session expired

The server has moved on; the page needs a fresh start.